 Dungeon Crawl Stone Soup version 0.31.0-10-gcf4a605ca0 (webtiles) character file.

Game seed: 2715787060044414617

1512694 ragingrage the Worldbinder (level 27, 300/300 HPs)
             Began as an Oni Summoner on Jan 25, 2024.
             Was the Champion of Ru.
             Escaped with the Orb
             ... and 3 runes!
             The game lasted 02:40:21 (85238 turns).

ragingrage the Worldbinder (Oni Summoner)          Turns: 85238, Time: 02:40:21

Health: 300/300    AC: 10    Str: 19    XL:     27
Magic:  38/44      EV: 16    Int: 36    God:    Ru [******]
Gold:   5836       SH: 18    Dex: 12    Spells: 9/60 levels left

rFire   + + .        a - +6 flail "Arbiter" {heavy, Will+ SInv}
rCold   + . .        C - +5 Storm Queen's Shield {shock, Fly rElec}
rNeg    . . .        w - +2 robe {rC+ rF+}
rPois   +            I - +2 hat {Will+}
rElec   +            R - +2 cloak {Stlth+}
rCorr   .            (gloves unavailable)
SInv    +            (boots unavailable)
Will    ++++.        V - amulet of Ycewysm {RegenMP rPois}
Stlth   ++           H - ring "Riufevei" {Wiz rF+ Stlth+}
HPRegen 0.70/turn    r - ring of Goinoreu {^Drain EV+5 Int+6 Dex+4}
MPRegen 0.69/turn

%: inaccuracy (-5), random rage (3%), wizardry (x1)
@: calling dragons, flying, studying Polearms
A: large, unfitting armour, horns 2, tough skin 1, inability to use devices,
cowardly, disrupted magic 1, unskilled 1, missing an eye, double potion healing,
drunken brawling, berserk 1, clever 1, MP-powered wands
0: Orb of Zot
}: 3/15 runes: decaying, silver, gossamer
a: Renounce Religion, Draw Out Power, Power Leap, Apocalypse


You escaped.
You worshipped Ru.
Ru was exalted by your worship.
You visited 10 branches of the dungeon, and saw 48 of its levels.
You also visited: Bailey, Ice Cave and Wizlab.

You collected 8558 gold pieces.
You spent 2722 gold pieces at shops.

Inventory:

Hand Weapons
 a - the +6 flail "Arbiter" (weapon) {heavy, Will+ SInv}
   (You took it off a deep elf knight on level 3 of the Elven Halls)

   Will+:     It increases your willpower.
   SInv:      It lets you see invisible.
 b - a +6 demon trident of electrocution
 s - the +8 trident of Foolhardiness {chaos, rC++ Str-4}
   (You took it off a spriggan on level 4 of the Lair of Beasts)

   Str-4:     It affects your strength (-4).
   rC++:      It greatly protects you from cold.
Missiles
 G - 6 curare-tipped darts
 U - 5 throwing nets
Armour
 e - a +2 cloak of poison resistance
 w - a +2 robe of resistance (worn)
 C - the +5 Storm Queen's Shield (worn) {shock, Fly rElec}
   (You bought it in a shop on level 1 of the Orcish Mines)

   Shock:     When it blocks an attack, it may electrocute the attacker.
   This works even against foes who are a short distance away.
   rElec:     It insulates you from electricity.
   Fly:       It grants you flight.
 I - a +2 hat of willpower (worn)
 R - a +2 cloak of stealth (worn)
Magical Staves
 M - a staff of death
Jewellery
 r - the ring of Goinoreu (right hand) {^Drain EV+5 Int+6 Dex+4}
   (You bought it in a shop on level 14 of the Dungeon)

   [ring of evasion]

   EV+5:      It affects your evasion (+5).
   Int+6:     It affects your intelligence (+6).
   Dex+4:     It affects your dexterity (+4).
   ^Drain:    It drains your maximum health when unequipped.
 F - the ring of Moderation {rC+ rCorr Str+2 Slay+2}
   (You took it off a yaktaur captain on level 5 of the Vaults)

   [ring of protection from cold]

   Str+2:     It affects your strength (+2).
   Slay+2:    It affects your accuracy & damage with ranged weapons and melee
   (+2).
   rC+:       It protects you from cold.
   rCorr:     It protects you from acid and corrosion.
 H - the ring "Riufevei" (left hand) {Wiz rF+ Stlth+}
   (You found it on level 5 of the Vaults)

   [ring of wizardry]

   Wiz:       It improves your spell success rate.
   rF+:       It protects you from fire.
   Stlth+:    It makes you more stealthy.
 O - a ring of see invisible
 Q - a +6 ring of intelligence
 S - a +4 ring of protection
 T - the ring "Soqopsa" {*Corrode Fly Will+ Dex+5 Slay+5}
   (You took it off a deep elf zephyrmancer on level 1 of the Elven Halls)

   [ring of willpower]

   Dex+5:     It affects your dexterity (+5).
   Slay+5:    It affects your accuracy & damage with ranged weapons and melee
   (+5).
   Will+:     It increases your willpower.
   Fly:       It grants you flight.
   *Corrode:  It may corrode you when you take damage.
 V - the amulet of Ycewysm (around neck) {RegenMP rPois}
   (You took it off a fire giant on level 1 of the Vaults)

   [amulet of magic regeneration]

   RegenMP:   It increases your rate of magic regeneration.
   rPois:     It protects you from poison
Talismans
 L - a granite talisman
Scrolls
 c - a scroll of amnesia
 g - 11 scrolls of vulnerability
 h - 15 scrolls of teleportation
 m - 4 scrolls of revelation
 p - 8 scrolls of immolation
 q - 8 scrolls of fear
 t - 2 scrolls of summoning
 u - 4 scrolls of poison
 v - 7 scrolls of fog
 y - 5 scrolls of blinking
 B - 9 scrolls of noise
 K - 4 scrolls of torment
 P - 2 scrolls of silence
Potions
 d - 5 potions of lignification
 f - 7 potions of enlightenment
 i - 10 potions of heal wounds
 j - 5 potions of berserk rage
 k - 17 potions of curing
 l - 7 potions of brilliance
 n - 5 potions of magic
 o - 8 potions of might
 x - 6 potions of attraction
 z - 5 potions of cancellation
 A - 8 potions of invisibility
 D - 6 potions of mutation
 E - 3 potions of resistance
 J - 4 potions of ambrosia
 N - 11 potions of haste


   Skills:
 + Level 22.0 Fighting
 - Level 7.2 Polearms
 - Level 7.0 Dodging
 - Level 1.2 Stealth
 - Level 15.0 Shields
 - Level 17.0 Spellcasting
 - Level 5.0 Hexes
 - Level 25.0 Summonings
 - Level 9.0 Necromancy
 - Level 2.0 Translocations
 - Level 3.6 Fire Magic
 - Level 4.5 Air Magic
 - Level 4.0 Earth Magic
 - Level 16.0 Shapeshifting


You had 9 spell levels left.
You knew the following spells:

 Your Spells              Type           Power      Damage    Failure   Level
a - Death Channel         Necr           38%        N/A       4%          6
b - Summon Cactus Giant   Summ           59%        N/A       1%          6
c - Summon Mana Viper     Hex/Summ       95%        N/A       1%          5
d - Martyr's Knell        Necr/Summ      100%       N/A       1%          4
e - Summon Hydra          Summ           59%        N/A       1%          7
f - Borgnjor's Vile Clut  Necr/Erth      33%        N/A       2%          5
g - Blink                 Tloc           90%        N/A       1%          2
i - Haunt                 Necr/Summ      50%        N/A       1%          7
j - Dragon's Call         Summ           59%        N/A       4%          9

Your spell library contained the following spells:

 Spells                   Type           Power      Damage    Failure   Level
 Apportation              Tloc           90%        N/A       1%          1
 Freeze                   Ice            100%       1d10      1%          1
 Kiss of Death            Conj/Necr      100%       2d13      1%          1
 Magic Dart               Conj           100%       1d8       1%          1
 Necrotise                Necr           100%       1d9       1%          1
 Shock                    Conj/Air       100%       1d9       1%          1
 Slow                     Hex            100%       N/A       1%          1
 Sting                    Conj/Alch      100%       1d9       1%          1
 Summon Small Mammal      Summ           100%       N/A       1%          1
 Call Imp                 Summ           100%       N/A       1%          2
 Cigotuvi's Dreadful Rot  Necr/Alch/Air  100%       N/A       1%          2
 Ensorcelled Hibernation  Hex/Ice        96%        N/A       1%          2
 Jinxbite                 Hex            100%       N/A       1%          2
 Lesser Beckoning         Tloc           90%        N/A       1%          2
 Mercury Vapours          Alch/Air       92%        N/A       1%          2
 Scorch                   Fire           100%       2d9       1%          2
 Sublimation of Blood     Necr           77%        N/A       1%          2
 Call Canine Familiar     Summ           100%       N/A       1%          3
 Confusing Touch          Hex            61%        N/A       1%          3
 Dazzling Flash           Conj/Hex       96%        N/A       1%          3
 Fugue of the Fallen      Necr           77%        N/A       1%          3
 Gell's Gravitas          Tloc           45%        N/A       1%          3
 Inner Flame              Hex/Fire       57%        N/A       1%          3
 Passwall                 Erth           56%        N/A       1%          3
 Sigil of Binding         Hex            61%        N/A       1%          3
 Summon Ice Beast         Ice/Summ       88%        N/A       1%          3
 Swiftness                Air            58%        N/A       1%          3
 Teleport Other           Tloc           45%        N/A       1%          3
 Tukima's Dance           Hex            61%        N/A       1%          3
 Vampiric Draining        Necr           77%        2d11      1%          3
 Volatile Blastmotes      Fire/Tloc      100%       2d18      1%          3
 Airstrike                Air            29%        2d(5-21)  1%          4
 Anguish                  Hex/Necr       34%        N/A       1%          4
 Animate Armour           Summ/Erth      100%       N/A       1%          4
 Animate Dead             Necr           77%        N/A       1%          4
 Cause Fear               Hex            30%        N/A       1%          4
 Dispel Undead            Necr           77%        3d25      1%          4
 Summon Blazeheart Golem  Fire/Summ      93%        N/A       1%          4
 Summon Lightning Spire   Summ/Air       95%        N/A       1%          4
 Curse of Agony           Necr           77%        N/A       1%          5
 Monstrous Menagerie      Summ           59%        N/A       1%          7
 Summon Horrible Things   Summ           59%        N/A       1%          8
 Mephitic Cloud           Conj/Alch/Air  41%        N/A       2%          3
 Dimensional Bullseye     Hex/Tloc       27%        N/A       2%          4
 Frozen Ramparts          Ice            60%        1d10      3%          3
 Hailstorm                Conj/Ice       30%        3d8       3%          3
 Ozocubu's Armour         Ice            30%        N/A       3%          3
 Vhi's Electric Charge    Tloc/Air       100%       N/A       3%          4
 Passage of Golubria      Tloc           45%        N/A       4%          4
 Silence                  Hex/Air        30%        N/A       4%          5
 Malign Gateway           Summ/Tloc      45%        N/A       4%          7
 Flame Wave               Conj/Fire      43%        2d11      5%          4
 Ignite Poison            Fire/Alch      43%        N/A       5%          4
 Sticky Flame             Fire/Alch      43%        2d8       5%          4
 Spellforged Servitor     Conj/Summ      44%        N/A       5%          7
 Lee's Rapid Deconstruct  Erth           28%        3d15*     6%          5
 Iskenderun's Mystic Bla  Conj/Tloc      37%        2d9       7%          4
 Olgreb's Toxic Radiance  Alch           30%        N/A       11%         4
 Metabolic Englaciation   Hex/Ice        24%        N/A       11%         5
 Yara's Violent Unravell  Hex/Alch       24%        3d11      11%         5
 Arcjolt                  Conj/Air       23%        1d33      12%         5
 Fireball                 Conj/Fire      21%        3d10      13%         5
 Freezing Cloud           Conj/Ice/Air   20%        6-21      14%         5
 Alistair's Intoxication  Alch           20%        N/A       26%         5
 Irradiate                Conj/Alch      15%        3d16      26%         5
 Iskenderun's Battlesphe  Conj           30%        2d8       26%         5
 Plasma Beam              Fire/Air       28%        2x1d40    26%         6
 Starburst                Conj/Fire      21%        6d7       52%         6
 Enfeeble                 Hex            30%        N/A       65%         7
 Eringya's Noxious Bog    Alch           15%        4d6       75%         6
 Sculpt Simulacrum        Ice/Alch       15%        N/A       75%         6
 Orb of Destruction       Conj           15%        9d7       99%         7
 Ozocubu's Refrigeration  Ice            15%        4d10      99%         7
 Discord                  Hex            30%        N/A       99%         8
 Ignition                 Fire           27%        3d9       100%        8
 Lehudib's Crystal Spear  Conj/Erth      22%        10d6      100%        8
 Maxwell's Capacitive Co  Air            29%        ∞         100%        8
 Fire Storm               Conj/Fire      21%        8d6       100%        9
 Polar Vortex             Ice            15%        12d2*     100%        9


Dungeon Overview and Level Annotations

Branches:
Dungeon (15/15)            Temple (1/1) D:7            Lair (5/5) D:10
  Swamp (4/4) Lair:2       Spider (4/4) Lair:2        Slime (0/5) Lair:5
    Orc (2/2) D:9             Elf (3/3) Orc:2        Vaults (5/5) D:13
  Crypt (0/3) Vaults:2     Depths (4/4) D:15            Zot (5/5) Depths:4
 Bailey (visited)           IceCv (visited)          WizLab (visited)

Altars:
Ashenzari
Cheibriados
Dithmenos
Elyvilon
Fedhas
Gozag
Hepliaklqana
Kikubaaqudgha
Makhleb
Nemelex Xobeh
Okawaru
Qazlal
Ru
Sif Muna
Trog
Uskayaw
Vehumet
Wu Jian
Xom
Yredelemnul
Zin
The Shining One
Jiyva
Lugonu

Shops:
D:2 (   D:4 **   D:7 :   D:12 [   D:14 [!=:   D:15 *   Orc:1 (*!*?   Orc:2 ([*:
Elf:3 ![   Vaults:2 ?   Vaults:5 !   Depths:1 *

Portals:
Hell: Depths:1 Depths:2 Depths:3 Depths:4
Abyss: Lair:5 Depths:3 Depths:4
Pandemonium: Depths:2 Depths:3 Depths:4
Ziggurat: Depths:4

Annotations:
D:9 1 exclusion
Swamp:3 exclusion: downstairs
Swamp:4 2 transporters, MadMike78's ghost, adept HOFi
Orc:1 exclusion: downstairs
Elf:2 3 runed translucent doors
Depths:3 1 exclusion
Depths:4 2 transporters, Qiwept's ghost, veteran BaIE


Innate Abilities, Weirdness & Mutations

You are too large for most types of armour.
You have a pair of horns on your head.
You have tough skin. (AC +1)
You cannot study or use magical devices.
Your cowardice makes you less effective in combat with threatening foes.
Your casting is slightly disrupted.
You are somewhat unskilled. (-1 Apt)
You are missing an eye, making it more difficult to aim.
You gain doubled healing and magic from potions.
Whenever you drink a healing potion, you attack all around you.
You sometimes lose your temper in combat.
Your mind is acute. (Int +4, Str/Dex -1)
You expend magic power (3 MP) to strengthen your wands.


Message History

There is a stone staircase leading down here.
There is a stone staircase leading up here.
You fly upwards.
There is a stone staircase leading down here.
There is a stone staircase leading up here.
You fly upwards.
Level annotation: exclusion: downstairs You feel a twist of horror at the sight of this foe.
A Woqa and a lorocyproca come into view.
There is a stone staircase leading down here.
Casting: Summon Hydra (mildly dangerous; 1% risk of failure)
Confirm with . or Enter, or press ? or * to list all spells.
You call out to the draconic realm, and the dragon horde roars back!
A dragon arrives to answer your call!
Your fire dragon bites Woqa but does no damage.
Your fire dragon claws Woqa but does no damage.
Your fire dragon tramples Woqa!
Woqa holds its ground!
Unknown command.
Press: ? - help, v - describe, . - travel A stone staircase leading down.
This square is covered in magical glow.
Removed exclusion.
Press: ? - help, v - describe, . - travel
Here: Woqa (lightly wounded, ally target)
The floor.
Blink to where?
Press: ? - help, Dir - move target A large abomination comes into view.
As you read the scroll of blinking, it crumbles to dust.
A dragon arrives to answer your call! The lorocyproca hits your fire dragon!
Your fire dragon breathes flames at Woqa.
The blast of flame hits Woqa.
Woqa resists.
A dragon arrives to answer your call!
Your iron dragon bites the lorocyproca!
Your iron dragon claws the lorocyproca!
Your iron dragon tramples the lorocyproca but does no damage.
The lorocyproca hits your fire dragon!!
You fly upwards.
There is a stone staircase leading down here.
There is a staircase leading out of the dungeon here.
You have escaped!

......~.#.#.###.~~~~.######..####
#####.~.#.#.#...~.........#......
#...~.#.#.#.~~~.#########......
#..>~.#.#...~...........#.#####
#...~...#.~~~.~~~~~.###.#....##
#...~~~.#.~...~...~...#.###.###
###.#.~.#.~.~~~.~.~~~.### #.###
#.#.~...~.....~...~...# #....
#.#.~~~.~~~.@.~~~.~~~.####...
#.#...~...~.....~...~.#....#.
#.###.~~~.~.~~~.~.#.~.#######
#.#.#...~...~...~.#.~~~# ##
###.#.###.~~~~~.~~~.#...~# #.
#...#...........~...#.#.~# #.
#...#########.~~~^#.#.#.~# #.
#...#.........~...#.#.#.~# #.
###.######.~~~~.###.#.#.~# ##


There were no monsters in sight!

Vanquished Creatures
  An ancient lich (Vaults:5)
  An orb of fire (Zot:5)
  A Killer Klown (Zot:5)
  Sojobo (Depths:2)
  Saint Roka (Orc:2)
  A curse toe (Zot:3)
  A bone dragon (Depths:4)
  A titan (Vaults:5)
  2 deep elf master archers (Elf:3)
  2 quicksilver dragons (Zot:2)
  A sphinx (Vaults:5)
  A death cob (Zot:4)
  A tengu reaver (Vaults:5)
  A storm dragon (Vaults:5)
  Aizul (Elf:1)
  Louise (Swamp:3)
  A draconian monk (Zot:1)
  A ghost moth (Spider:4)
  A draconian shifter (Zot:5)
  A draconian knight (Zot:5)
  2 vault wardens
  3 deep elf sorcerers
  An ironbound preserver (Vaults:1)
  A very ugly thing (Vaults:5)
  2 stone giants (Vaults:5)
  An ironbound thunderhulk (Vaults:2)
  A black draconian (Zot:4)
  A deep elf annihilator (Vaults:5)
  A white draconian (Zot:2)
  A crystal guardian (Vaults:3)
  4 ettins
  An ice dragon (D:15)
  A deep elf high priest (Vaults:5)
  14 vault guards
  8 yaktaur captains (Vaults:5)
  A rakshasa (Depths:2)
  2 spriggan air magi
  3 hydras (Swamp:3)
  An ironbound frostheart (Vaults:3)
  A boulder beetle (Lair:3)
  A hell hog (Depths:3)
  2 dancing weapons
  4 two-headed ogres
  7 death yaks
  A demonic crawler (Spider:1)
  A deep troll earth mage (Depths:4)
  6 hell knights
  3 deep elf knights
  A pharaoh ant (Spider:1)
  A skeletal warrior (D:15)
  A spriggan druid (Swamp:3)
  A goliath frog (Swamp:3)
  An orb spider (Spider:1)
  2 deep trolls (Vaults:1)
  An arcanist (Vaults:1)
  A flayed ghost (Vaults:5)
  2 lindwurms (Vaults:4)
  2 necromancers
  2 deep elf archers (Elf:1)
  6 ironbound convokers
  A deep elf pyromancer (Elf:3)
  7 deep elf zephyrmancers
  A harpy (Vaults:2)
  2 wolf spiders
  3 orc knights
  An ugly thing (Depths:2)
  2 moths of wrath
  A large abomination (Lair:5)
  3 vault sentinels
  3 slime creatures
  A black mamba (Lair:3)
  An eye of devastation (shapeshifter) (Vaults:5)
  A torpor snail (Spider:3)
  5 cane toads
  A rime drake (IceCv)
  A gargoyle (D:7)
  2 komodo dragons
  A freezing wraith (Vaults:5)
  2 yaktaurs (Vaults:5)
  A troll (D:12)
  A tarantella (Spider:4)
  3 polar bears (IceCv)
  A hornet (Swamp:2)
  2 tyrant leeches
  A dream sheep (Lair:5)
  6 blink frogs
  An air elemental (Elf:1)
  8 jumping spiders
  4 culicivoras
  A ynoxinul (Lair:5)
  2 small abominations (Lair:5)
  A wyvern (D:4)
  A spriggan (Swamp:2)
  A wraith (D:9)
  17 yaks
  4 nameless horrors
  5 redbacks
  2 vampire mosquitoes
  3 basilisks
  A steam dragon (D:7)
  6 swamp worms
  2 water moccasins
  2 swamp drakes (Swamp:3)
  A sky beast (D:5)
  3 ice beasts (D:7)
  4 orc warriors
  2 black bears
  9 wolves
  An ogre (Orc:2)
  4 centaurs
  3 bullfrogs
  An earth elemental (Elf:2)
  4 scorpions
  A wight (D:7)
  A killer bee (D:7)
  An electric eel (Spider:1)
  A howler monkey (D:7)
  A bombardier beetle (D:6)
  2 hounds
  3 jellies
  A gnoll bouda (D:8)
  A sleepcap (D:3)
  An iguana (D:6)
  An orc wizard (D:10)
  3 wolf simulacra (Lair:4)
  A gnoll (D:8)
  4 adders
  4 shadow imps
  A white imp (D:4)
  4 ufetubi
  2 dart slugs
  A ribbon worm (D:3)
  12 orcs
  4 endoplasms
  3 giant cockroaches
  A hobgoblin (D:3)
  A jackal (D:5)
  3 quokkas
  5 ball pythons
  3 bats
  3 frilled lizards
  7 goblins
  12 kobolds
  4 rats
357 creatures vanquished.

Vanquished Creatures (collateral kills)
  2 ancient liches
  4 dread liches (Zot:5)
  3 orbs of fire (Zot:5)
  A juggernaut (Depths:2)
  Xtahua (Vaults:4)
  6 Killer Klowns
  4 caustic shrikes
  4 curse toes
  Margery (Vaults:3)
  8 golden dragons
  A bone dragon (Depths:1)
  Arachne (Spider:3)
  2 electric golems (Zot:5)
  2 hellephants (Depths:3)
  11 tentacled monstrosities
  Jorgrun (D:9)
  2 liches
  24 Orb Guardians
  2 deep elf master archers (Elf:3)
  3 deep elf blademasters (Elf:3)
  4 titans (Vaults:5)
  A searing wretch (Vaults:3)
  6 quicksilver dragons
  A walking frostbound tome (Depths:2)
  5 sphinxes
  15 death cobs
  Agnes (D:15)
  11 shadow dragons
  9 tengu reavers
  Donald (Spider:2)
  Roxanne (D:14)
  15 storm dragons
  2 daevas (Depths:4)
  4 draconian knights
  5 draconian monks
  A fenstrider witch (Swamp:3)
  9 fire giants
  3 protean progenitors
  4 iron dragons
  9 frost giants
  8 deep elf sorcerers
  2 caustic shrike zombies (Depths:1)
  17 vault wardens
  3 emperor scorpions
  A draconian scorcher (Zot:3)
  9 ghost moths
  3 draconian shifters
  6 deep elf elementalists
  5 draconian stormcallers
  5 orc warlords
  20 very ugly things
  4 draconian annihilators
  18 ironbound preservers
  An angel (Depths:4)
  18 stone giants
  A spriggan defender (Depths:2)
  4 broodmothers (Spider:4)
  A caustic shrike skeleton (Depths:1)
  A formless jellyfish (Vaults:1)
  8 ironbound thunderhulks
  Nessos (D:14)
  4 juggernaut skeletons
  10 red draconians
  2 vampire knights (Depths:2)
  14 green draconians
  5 deep elf demonologists
  8 deep elf annihilators
  3 bunyips
  6 deep elf death magi
  5 white draconians
  3 eleionomae
  The ghost of Jeruituw the Grappler, a journeyman TrEn of Wu Jian (Lair:4)
  21 purple draconians
  7 dire elephants (Vaults:2)
  A spark wasp (Spider:1)
  4 war gargoyles
  14 yellow draconians
  6 black draconians
  7 statues (WizLab)
  11 ettins
  A crystal guardian (Vaults:2)
  3 green deaths
  A shambling mangrove (Swamp:2)
  7 fire dragons
  Snorg (D:12)
  A merfolk impaler (Depths:3)
  Josephine (Orc:1)
  16 yaktaur captains
  Harold (D:10)
  4 entropy weavers
  5 peacekeepers
  A quicksilver dragon skeleton (Depths:1)
  3 deep elf high priests (Elf:3)
  24 vault guards
  An ogre mage (Orc:2)
  Fannar (D:12)
  9 great orbs of eyes
  9 ice dragons
  2 hell beasts
  9 hydras
  4 radroaches
  2 spriggan air magi
  A spriggan skeleton (Depths:1)
  2 ghost crabs
  3 sphinx zombies (Depths:1)
  7 boulder beetles
  11 alligators
  14 ironbound frosthearts
  6 centaur warriors
  5 hell hogs (Depths:3)
  3 two-headed ogres (Orc:2)
  A tengu warrior (Depths:1)
  15 dancing weapons
  4 deep troll earth magi
  3 thrashing horrors (Lair:5)
  6 deep troll shamans
  An occultist (D:15)
  5 death yaks
  5 demonic crawlers
  A vampire mage (Depths:2)
  6 spriggan berserkers
  A sun demon (Depths:2)
  18 deep elf knights
  16 hell knights
  2 orc high priests
  3 titan skeletons
  6 iron trolls
  A salamander mystic (Depths:3)
  4 skeletal warriors (D:15)
  2 pharaoh ants
  2 skysharks
  3 glowing orange brains
  A spark wasp zombie (Depths:3)
  4 goliath frogs
  6 orb spiders
  7 bog bodies
  A deep troll (shapeshifter) (Elf:1)
  A swamp dragon (shapeshifter) (Elf:1)
  5 spriggan druids
  A mana viper (shapeshifter) (Elf:1)
  57 deep trolls
  3 large abominations
  5 arcanists
  14 deep elf archers
  2 harpies (Vaults:2)
  9 swamp dragons
  16 lindwurms
  3 steelbarb worms
  A golden dragon skeleton (Depths:1)
  26 ironbound convokers
  29 deep elf pyromancers
  A shadow dragon zombie (Depths:2)
  11 orc knights
  3 phantasmal warriors
  7 necromancers
  4 orc sorcerers
  28 ugly things
  24 deep elf zephyrmancers
  3 tengu skeletons (Depths:1)
  An oklob plant (Lair:1)
  3 salamanders (Depths:3)
  A wolf spider (shapeshifter) (Vaults:1)
  8 cyclopes
  7 will-o-the-wisps
  A frost giant zombie (Vaults:2)
  An iron dragon zombie (Depths:1)
  18 wolf spiders
  Maurice (Orc:2)
  24 moths of wrath
  A manticore (D:14)
  A meliai (shapeshifter) (Lair:5)
  2 moths of wrath (shapeshifter) (Vaults:5)
  4 black mambas
  A black mamba (shapeshifter) (Elf:1)
  17 vault sentinels
  2 frost giant skeletons (Depths:1)
  A titan simulacrum (Depths:2)
  2 kobold blastminers (Orc:2)
  3 gargoyles
  2 smoke demons
  An ice statue (IceCv)
  2 spriggan zombies (Depths:1)
  3 orange demons (Swamp:4)
  6 cane toads
  6 torpor snails
  2 freezing wraiths
  4 komodo dragons
  4 rime drakes
  3 efreet
  13 nameless horrors
  A yaktaur (shapeshifter) (Lair:5)
  19 tengu conjurers
  13 yaktaurs
  An ice devil (Zot:5)
  5 trolls
  11 polar bears
  A merfolk (shapeshifter) (Elf:1)
  A polar bear (shapeshifter) (D:14)
  A raiju (Lair:5)
  A queen bee (shapeshifter) (Elf:1)
  4 tyrant leeches
  11 hornets
  A tengu simulacrum (Depths:2)
  20 tarantellas
  13 blink frogs
  6 dream sheep (Lair:5)
  2 glass eyes
  A fire giant simulacrum (Depths:3)
  A vampire (D:14)
  40 slime creatures
  A spriggan (shapeshifter) (Elf:1)
  4 air elementals
  22 jumping spiders
  8 shadows
  The ghost of Esekla the Magician, an amateur VSCA of Ignis (D:3)
  4 wyverns
  10 spriggans
  21 culicivoras
  2 wraiths
  3 ynoxinuls (Lair:5)
  8 water elementals
  54 yaks
  An ettin skeleton (Depths:1)
  3 wargs
  10 basilisks
  10 vampire mosquitoes
  38 redbacks
  2 chaos spawn (Lair:5)
  3 glowing shapeshifter zombies
  13 swamp worms
  An acid dragon (D:11)
  2 hell hounds (D:14)
  2 glowing shapeshifter skeletons
  3 water moccasins
  Duvessa (D:5)
  A swamp drake (Swamp:3)
  2 sky beasts (D:7)
  30 orc warriors
  8 small abominations (Lair:5)
  A tengu (shapeshifter) (Elf:1)
  2 black bears (Lair:3)
  25 wolves
  4 ogres
  A boggart (Lair:4)
  11 centaurs
  An elf simulacrum (Vaults:2)
  A human zombie (Vaults:2)
  4 kobold brigands
  7 bullfrogs
  2 earth elementals
  3 scorpions
  A human skeleton (Vaults:2)
  Dowan (D:5)
  4 wights (D:8)
  4 howler monkeys
  4 electric eels
  2 quasits (D:4)
  10 jellies
  15 orc priests
  A bombardier beetle (D:5)
  4 iguanas
  A sleepcap (D:6)
  20 orc wizards
  9 hell rats (D:14)
  2 polar bear simulacra (Lair:4)
  2 yak simulacra (Lair:4)
  A wolf simulacrum (Lair:4)
  8 gnolls
  3 adders
  A river rat (Lair:4)
  A shadow imp (D:4)
  3 white imps
  2 ufetubi
  A ribbon worm (D:2)
  56 orcs
  A ball python (D:2)
  16 endoplasms
  2 giant cockroaches
  4 goblins
  4 hobgoblins
  A jackal (D:5)
  4 quokkas
  2 bats (D:2)
  A frilled lizard (D:1)
  14 kobolds
  3 rats
  3 river rat simulacra (Lair:4)
  3 aspiring fleshes (Zot:4)
  A spectral weapon (Vaults:4)
1836 creatures vanquished.

Vanquished Creatures (others)
  A tentacled monstrosity (Depths:3)
  A draconian annihilator (Zot:4)
  A draconian stormcaller (WizLab)
  An ironbound thunderhulk (Vaults:1)
  An ironbound preserver (Vaults:5)
  An eleionoma (Swamp:3)
  A red draconian (Zot:1)
  A yaktaur captain (Vaults:4)
  A vault guard (Vaults:5)
  A rakshasa (Depths:1)
  An alligator (Swamp:3)
  A deep elf knight (Elf:1)
  A spriggan (Swamp:3)
  A spriggan druid (Swamp:3)
  A swamp dragon (Swamp:3)
  2 deep elf pyromancers
  A deep elf zephyrmancer (Elf:2)
  A moth of wrath (Zot:4)
  A will-o-the-wisp (Swamp:3)
  A tengu conjurer (Depths:2)
  7 bloated husks
  A hornet (Swamp:3)
  A blink frog (Lair:1)
  A slime creature (Vaults:1)
  A redback (Spider:1)
  A nameless horror (Elf:1)
  2 centaurs
  An adder (D:3)
  An orc (Orc:1)
  54 blazeheart cores
  29 foxfires
120 creatures vanquished.

Grand Total: 2313 creatures vanquished

Notes
Turn   | Place    | Note
-------+----------+-------------------------------------------
     0 | D:1      | ragingrage the Oni Summoner began the quest for the Orb.
     0 | D:1      | Reached XP level 1. HP: 16/16 MP: 3/3
   255 | D:1      | Reached skill level 1 in Fighting
   285 | D:1      | Reached XP level 2. HP: 27/27 MP: 3/5
   507 | D:1      | Reached skill level 4 in Summonings
   698 | D:2      | Reached XP level 3. HP: 12/35 MP: 4/6
  1002 | D:2      | Found Qidudos's Weapon Emporium.
  1109 | D:1      | Learned a level 2 spell: Call Imp
  1113 | D:1      | Learned a level 3 spell: Call Canine Familiar
  1437 | D:2      | Reached XP level 4. HP: 44/44 MP: 7/7
  2007 | D:3      | Found a transporter.
  2069 | D:3      | Noticed Esekla's ghost (amateur VSCA)
  2072 | D:3      | Found a transporter.
  2157 | D:3      | Reached skill level 5 in Summonings
  2157 | D:3      | Reached XP level 5. HP: 44/53 MP: 8/8
  2623 | D:4      | Reached XP level 6. HP: 57/62 MP: 8/10
  2659 | D:4      | Identified the +5 spear of Risk Management {freeze, +Blink
                  | rF++ Int-3 Dex+3}
  2662 | D:4      | Noticed a black bear
  2668 | D:4      | Killed a black bear
  2974 | D:4      | Found Coxe's Neck Hole.
  3047 | D:4      | Reached skill level 6 in Summonings
  3097 | D:4      | Learned a level 2 spell: Blink
  3102 | D:4      | Learned a level 4 spell: Summon Blazeheart Golem
  3125 | D:4      | Found a bloodstained altar of Trog.
  3189 | D:4      | Reached XP level 7. HP: 60/71 MP: 10/12
  3494 | D:4      | Noticed a wyvern
  3500 | D:4      | Killed a wyvern
  3501 | D:4      | Reached skill level 5 in Fighting
  3501 | D:4      | Reached skill level 1 in Translocations
  3501 | D:4      | Reached skill level 1 in Fire Magic
  3534 | D:4      | Found Dopioh's General Store.
  3539 | D:4      | Bought a +2 halberd of protection for 168 gold pieces
  3568 | D:4      | Got Neqeqab's Papyrus of the Tincture
  3597 | D:5      | Entered Level 5 of the Dungeon
  3926 | D:5      | Reached XP level 8. HP: 63/80 MP: 12/14
  4326 | D:5      | Reached skill level 7 in Summonings
  4652 | D:5      | Noticed Duvessa
  4652 | D:5      | Noticed Dowan
  4665 | D:5      | Killed Duvessa
  4666 | D:5      | Reached skill level 5 in Spellcasting
  4677 | D:5      | Killed Dowan
  5026 | D:6      | Found a burning altar of Makhleb.
  5144 | D:6      | Reached skill level 8 in Summonings
  5410 | D:6      | Found a stormy altar of Qazlal.
  5756 | D:7      | Found a sparkling altar of Nemelex Xobeh.
  5756 | D:7      | Found an ornate altar of the Wu Jian Council.
  5842 | D:7      | Reached XP level 9. HP: 88/88 MP: 9/16
  5933 | D:7      | Found a staircase to the Ecumenical Temple.
  5942 | Temple   | Entered the Ecumenical Temple
  5953 | Temple   | Became a worshipper of Ru the Awakened
  5997 | D:7      | Reached skill level 9 in Summonings
  6385 | D:7      | Learned a level 4 spell: Summon Lightning Spire
  6472 | D:7      | Noticed a gargoyle
  6479 | D:7      | Killed a gargoyle
  7042 | D:7      | Found a blossoming altar of Fedhas.
  7087 | D:7      | Found Iceth's Self-Improvement Boutique.
  7341 | D:8      | Reached XP level 10. HP: 76/102 MP: 14/19
  7502 | D:8      | Found an opulent altar of Gozag.
  7601 | D:8      | Reached skill level 10 in Summonings
  7804 | D:8      | Reached skill level 1 in Polearms
  7834 | D:8      | Gained mutation: You cannot study or use magical devices.
                  | [Ru sacrifice]
  7834 | D:8      | Reached * piety under Ru
  7834 | D:8      | Reached ** piety under Ru
  7892 | D:9      | Found a white marble altar of Elyvilon.
  7958 | D:9      | Learned a level 5 spell: Summon Mana Viper
  7981 | D:9      | Reached skill level 1 in Hexes
  8012 | D:9      | Noticed a two-headed ogre
  8024 | D:9      | Killed a two-headed ogre
  8058 | D:9      | Found a flagged portal.
  8067 | Bailey   | Entered a bailey
  8222 | Bailey   | Noticed an orc knight
  8295 | Bailey   | Noticed an orc knight
  8858 | Bailey   | Killed an orc knight
  8926 | Bailey   | Killed an orc knight
  8927 | Bailey   | Reached skill level 5 in Hexes
  8927 | Bailey   | Reached XP level 11. HP: 98/111 MP: 8/23
  9212 | D:9      | Found a staircase to the Orcish Mines.
  9511 | D:10     | Entered Level 10 of the Dungeon
  9564 | D:10     | Found a glowing silver altar of Zin.
  9674 | D:10     | Reached skill level 1 in Air Magic
  9679 | D:10     | Noticed Harold
  9687 | D:10     | Killed Harold
 10122 | D:10     | Learned a level 4 spell: Martyr's Knell
 10296 | D:10     | Noticed a death yak
 10299 | D:10     | Noticed a death yak
 10301 | D:10     | Noticed a death yak
 10309 | D:10     | Killed a death yak
 10310 | D:10     | Reached skill level 1 in Necromancy
 10330 | D:10     | Killed a death yak
 10333 | D:10     | Killed a death yak
 10425 | D:10     | Found a staircase to the Lair.
 10533 | D:10     | Noticed a two-headed ogre
 10544 | D:10     | Killed a two-headed ogre
 10863 | D:10     | Reached skill level 10 in Fighting
 11330 | Lair:1   | Entered Level 1 of the Lair of Beasts
 11530 | Lair:1   | Reached skill level 11 in Summonings
 11685 | Lair:1   | Gained mutation: Your cowardice makes you less effective in
                  | combat with threatening foes. [Ru sacrifice]
 11685 | Lair:1   | Reached *** piety under Ru
 11688 | Lair:1   | Found a frozen archway.
 11734 | IceCv    | Entered an ice cave
 11762 | IceCv    | Reached XP level 12. HP: 118/128 MP: 20/24
 11800 | IceCv    | Noticed a death yak
 11800 | IceCv    | Noticed a death yak
 11809 | IceCv    | Noticed a death yak
 11819 | IceCv    | Killed a death yak
 11821 | IceCv    | Killed a death yak
 11842 | IceCv    | Killed a death yak
 11932 | IceCv    | Identified the +0 plate armour "Vemig" {rPois rCorr Str-5
                  | Int-5}
 12320 | IceCv    | Noticed an ironbound frostheart
 12320 | IceCv    | Noticed a death yak
 12320 | IceCv    | Noticed an ironbound frostheart
 12383 | IceCv    | Killed an ironbound frostheart
 12384 | IceCv    | Reached skill level 5 in Air Magic
 12534 | IceCv    | Killed an ironbound frostheart
 12559 | IceCv    | Reached skill level 12 in Summonings
 12781 | IceCv    | Noticed a death yak
 12794 | IceCv    | Killed a death yak
 13025 | IceCv    | Killed a death yak
 13140 | IceCv    | Reached XP level 13. HP: 110/141 MP: 9/26
 13235 | IceCv    | Got the Cyclopedia of the Snowflakes
 13368 | Lair:1   | You fall into a shaft and drop 1 floor!
 13838 | Lair:1   | Reached skill level 5 in Polearms
 14592 | Lair:2   | Found a staircase to the Swamp.
 15378 | Lair:2   | Reached skill level 10 in Spellcasting
 15417 | Lair:2   | Found a hole to the Spider Nest.
 15908 | Lair:3   | Reached skill level 13 in Summonings
 16872 | Lair:3   | Gained mutation: Your casting is slightly disrupted. [Ru
                  | sacrifice]
 16872 | Lair:3   | Reached **** piety under Ru
 17207 | Lair:4   | Reached skill level 15 in Fighting
 17412 | Lair:4   | Found a transporter.
 17441 | Lair:4   | Reached XP level 14. HP: 159/159 MP: 16/28
 17454 | Lair:4   | Reached skill level 14 in Summonings
 17641 | Lair:4   | Found a transporter.
 17986 | Lair:4   | Found a runed translucent door.
 17987 | Lair:4   | Noticed Jeruituw's ghost (journeyman TrEn)
 17987 | Lair:4   | Identified the +8 trident of Foolhardiness {chaos, rC++
                  | Str-4}
 18065 | Lair:5   | Entered Level 5 of the Lair of Beasts
 18150 | Lair:5   | Learned a level 6 spell: Summon Cactus Giant
 18220 | Lair:5   | Found a viscous altar of Jiyva.
 18226 | Lair:5   | Found a staircase to the Slime Pits.
 19470 | Lair:5   | Reached skill level 15 in Summonings
 19768 | Lair:5   | Found a corrupted altar of Lugonu.
 19768 | Lair:5   | Found a one-way gate to the infinite horrors of the Abyss.
 20549 | Orc:1    | Entered Level 1 of the Orcish Mines
 20562 | Orc:1    | Noticed Josephine
 20563 | Orc:1    | Noticed Jorgrun
 20566 | Orc:1    | Reached skill level 5 in Dodging
 20709 | D:9      | Killed Jorgrun
 21515 | Orc:1    | Killed Josephine
 21587 | Orc:1    | Found Zeason's Distillery.
 21633 | Orc:1    | Bought a potion of haste for 170 gold pieces
 21633 | Orc:1    | Bought a potion of mutation for 136 gold pieces
 21672 | Orc:1    | Found Leocuufu's General Store.
 21673 | Orc:1    | Found Neugho's Magic Scroll Boutique.
 22067 | Orc:2    | Entered Level 2 of the Orcish Mines
 22067 | Orc:2    | Noticed Maurice
 22078 | Orc:2    | Killed Maurice
 22112 | Orc:2    | Noticed Saint Roka
 22115 | Orc:2    | Reached XP level 15. HP: 123/162 MP: 14/31
 22379 | Orc:2    | Gained mutation: You are missing an eye, making it more
                  | difficult to aim. [Ru sacrifice]
 22379 | Orc:2    | Reached ***** piety under Ru
 23548 | Orc:2    | Noticed an orc warlord
 23556 | Orc:2    | Killed an orc warlord
 23764 | Orc:2    | Found Ahoura's Antique Weapon Shoppe.
 23825 | Orc:2    | Found Paastry's Antique Armour Shoppe.
 23856 | Orc:2    | Killed Saint Roka
 23916 | Orc:2    | Found Afoager's Book Shoppe.
 24014 | Orc:2    | Found a staircase to the Elven Halls.
 24034 | Orc:2    | Found Geexzeco's General Store.
 24220 | Orc:1    | Found Ucim Dop's Antique Weapon Emporium.
 24345 | Orc:1    | Found Quthinod's Assorted Antiques.
 24822 | Orc:1    | Bought the +5 Storm Queen's Shield {shock, Fly rElec} for
                  | 638 gold pieces
 24822 | Orc:1    | Found the +5 Storm Queen's Shield {shock, Fly rElec}
 24907 | D:11     | You are sucked into a shaft and drop 2 floors!
 25345 | D:13     | Reached skill level 1 in Shields
 25535 | D:12     | Found Vanuas's Antique Armour Shoppe.
 25675 | D:12     | Noticed Fannar
 25682 | D:12     | Killed Fannar
 25810 | D:12     | Noticed Snorg
 25835 | D:12     | Killed Snorg
 26584 | D:11     | Gained mutation: You are somewhat unskilled. (-1 Apt) [Ru
                  | sacrifice]
 26584 | D:11     | Reduced skill Fighting to level 15
 26584 | D:11     | Reduced skill Summonings to level 14
 26584 | D:11     | Reduced skill Translocations to level 1
 26584 | D:11     | Reached ****** piety under Ru
 26923 | D:11     | Got Mara's Verses on Command
 27778 | D:13     | Found a gate to the Vaults.
 28176 | D:14     | Reached skill level 5 in Hexes
 28357 | D:14     | Found Cemoppuwk's Jewellery Emporium.
 28360 | D:14     | Bought the ring of Goinoreu {^Drain EV+5 Int+6 Dex+4} for
                  | 759 gold pieces
 28514 | D:14     | Noticed Roxanne
 28644 | D:14     | Found Esunyp's Book Boutique.
 28848 | D:14     | Noticed Nessos
 28857 | D:14     | Killed Nessos
 28893 | D:14     | Found Riny's Distillery.
 29005 | D:14     | Found Equusas's Antique Armour Emporium.
 29020 | D:14     | Reached skill level 15 in Summonings
 29279 | D:14     | Killed Roxanne
 29280 | D:14     | Reached XP level 16. HP: 103/176 MP: 27/31
 29371 | D:15     | Entered Level 15 of the Dungeon
 29515 | D:15     | Reached skill level 5 in Shields
 29515 | D:15     | Reached skill level 1 in Shapeshifting
 29800 | D:15     | Noticed Agnes
 29811 | D:15     | Killed Agnes
 30111 | D:15     | Found Reulezue's Assorted Antiques.
 30526 | D:15     | Found a staircase to the Depths.
 30901 | D:4      | Bought a scroll of identify for 20 gold pieces
 31126 | Spider:1 | Entered Level 1 of the Spider Nest
 33279 | Spider:2 | Noticed Donald
 33288 | Spider:2 | Killed Donald
 33798 | Spider:3 | Reached XP level 17. HP: 147/170 MP: 22/32
 33857 | Spider:3 | Identified the +7 falchion "Gaedaj" {heavy, rC- Str-2 SInv
                  | Stlth+}
 34086 | Spider:3 | Reached skill level 16 in Summonings
 35030 | Swamp:1  | Entered Level 1 of the Swamp
 35758 | Swamp:1  | Noticed a tentacled monstrosity
 35786 | Swamp:1  | Killed a tentacled monstrosity
 36232 | Swamp:2  | Reached skill level 10 in Shields
 37946 | Swamp:3  | Noticed Louise
 37974 | Swamp:3  | Killed Louise
 38646 | Swamp:4  | Entered Level 4 of the Swamp
 39040 | Swamp:4  | Found a transporter.
 39043 | Swamp:4  | Noticed MadMike78's ghost (adept HOFi)
 39191 | Swamp:4  | Reached XP level 18. HP: 184/185 MP: 20/34
 39233 | Swamp:4  | Found a transporter.
 39287 | Swamp:4  | Reached skill level 17 in Summonings
 40616 | Swamp:4  | Got a decaying rune of Zot
 41031 | Elf:1    | Entered Level 1 of the Elven Halls
 41345 | Elf:1    | Reached skill level 18 in Summonings
 42180 | Elf:1    | Identified the ring "Ziarenem" {Ice Str+5}
 42360 | Elf:1    | Identified the serpent talisman of the Furies {rElec rN+}
 42360 | Elf:1    | Noticed Aizul
 42361 | Elf:1    | Identified the ring "Yjoina" {*Slow rF++ rN+ Str+6 Stlth-}
 42374 | Elf:1    | Killed Aizul
 42487 | Elf:1    | Paralysed by an air elemental for 1 turns
 42561 | Elf:1    | Got Xaiclofe's Precepts of Synthesis
 42643 | Elf:1    | Identified the ring "Soqopsa" {*Corrode Fly Will+ Dex+5
                  | Slay+5}
 42734 | Elf:1    | Identified the ring of Xom's Fair Game {^Contam rPois
                  | Dex+7}
 42811 | Elf:1    | Found a burning altar of Makhleb.
 43346 | Elf:2    | Reached XP level 19. HP: 145/201 MP: 17/35
 43587 | Elf:2    | Reached skill level 5 in Shapeshifting
 43735 | Elf:2    | Reached skill level 5 in Necromancy
 43885 | Elf:2    | Paralysed by an air elemental for 1 turns
 44817 | Elf:2    | Found a runed translucent gate.
 44819 | Elf:2    | Found a runed translucent gate.
 44822 | Elf:2    | Found a runed translucent gate.
 44974 | Elf:3    | Entered Level 3 of the Elven Halls
 45758 | Elf:3    | Found Nuonien's Antique Armour Shoppe.
 45758 | Elf:3    | Found Jeqai's Distillery.
 45766 | Elf:3    | Bought a glowing hat for 273 gold pieces
 45777 | Elf:3    | Bought 2 potions of magic for 192 gold pieces
 46291 | Elf:3    | Identified the +5 ring mail "Xaask" {rElec rC+}
 46291 | Elf:3    | Identified the ring of the Firefly {MP+9 Dex+6}
 47247 | Elf:3    | Identified the +6 flail "Arbiter" {heavy, Will+ SInv}
 47247 | Elf:3    | Identified the ring of the Sturgeon {Fly rPois Int+2}
 47427 | Elf:3    | Identified the +9 mace "Qepac" {speed, rCorr Str-5 Dex+5}
 49497 | Elf:3    | Identified the +2 shortbow "Lueho Wug" {flame, rN++ Str+2
                  | Dex+3}
 49533 | Elf:3    | Reached skill level 19 in Summonings
 50293 | Elf:3    | Learned a level 7 spell: Summon Hydra
 50295 | Elf:3    | Got the Almanac of Breath
 50310 | Elf:3    | Got the Excursus on Malediction
 50312 | Elf:3    | Identified the +3 dagger "Noymoeb" {spect, rPois}
 50641 | Depths:1 | Entered Level 1 of the Depths
 50651 | Depths:1 | Reached XP level 20. HP: 211/212 MP: 29/36
 51881 | Vaults:1 | Entered Level 1 of the Vaults
 52476 | Vaults:1 | Identified the +7 whip of Gallantry {speed, rPois MP+9}
 52510 | Vaults:1 | Identified the +1 robe "Ynuluibb" {rPois Str+4 Int-2 Dex+3}
 52548 | Vaults:1 | Identified the ring of Buoseuh {Fire rN+}
 52749 | Vaults:1 | Identified the amulet of Ycewysm {RegenMP rPois}
 52904 | Vaults:1 | Learned a level 7 spell: Haunt
 53029 | Vaults:1 | Paralysed by a formless jellyfish for 1 turns
 53741 | Vaults:1 | Identified the +2 hand axe "Ogre's Curse" {heavy, Dex+5
                  | Stlth-}
 54128 | Vaults:2 | Found Uczopt's Magic Scroll Shop.
 54131 | Vaults:2 | Bought a scroll of summoning for 171 gold pieces
 54131 | Vaults:2 | Bought a scroll of revelation for 135 gold pieces
 54175 | Vaults:2 | Found a staircase to the Crypt.
 54175 | Vaults:2 | Found an ancient bone altar of Kikubaaqudgha.
 54175 | Vaults:2 | Found a basalt altar of Yredelemnul.
 54271 | Vaults:2 | Found the +27 heavy crossbow "Sniper" {heavy, Acc+∞ SInv}
 54794 | Vaults:2 | Reached XP level 21. HP: 230/230 MP: 6/38
 54843 | Vaults:2 | Identified a scroll of acquirement
 54865 | Vaults:2 | Acquired 1245 gold pieces
 56506 | Vaults:3 | Reached skill level 20 in Summonings
 57544 | Vaults:3 | Noticed Margery
 57553 | Vaults:3 | Killed Margery
 57554 | Vaults:3 | Reached skill level 21 in Summonings
 57846 | Vaults:3 | Reached XP level 22. HP: 230/231 MP: 21/40
 58194 | Vaults:3 | Identified the +6 chain mail of Abstinence {Dex+5}
 59883 | Vaults:4 | Noticed Xtahua
 59933 | Vaults:4 | Killed Xtahua
 61067 | Spider:2 | Reached skill level 22 in Summonings
 61284 | Spider:3 | Noticed Arachne
 61290 | Spider:3 | Killed Arachne
 61736 | Spider:4 | Entered Level 4 of the Spider Nest
 61930 | Spider:4 | Got the Elucidation of Liminal Support
 63417 | Spider:4 | Got a gossamer rune of Zot
 63642 | Swamp:3  | Learned a level 9 spell: Dragon's Call
 64169 | D:3      | Killed Esekla's ghost
 64542 | Lair:4   | Killed Jeruituw's ghost
 64904 | Vaults:5 | Entered Level 5 of the Vaults
 64914 | Vaults:5 | Reached skill level 23 in Summonings
 64920 | Vaults:5 | Noticed an ancient lich
 65224 | Vaults:5 | Reached XP level 23. HP: 197/224 MP: 33/41
 65274 | Vaults:5 | Killed an ancient lich
 65458 | Vaults:5 | Noticed an ancient lich
 65762 | Vaults:5 | Noticed a golden dragon
 65763 | Vaults:5 | Killed an ancient lich
 65771 | Vaults:5 | Killed a golden dragon
 65784 | Vaults:5 | Identified the ring of Moderation {rC+ rCorr Str+2 Slay+2}
 66116 | Vaults:5 | Identified the ring of Ivvylacuqe {Fire rN++ Will- Int-2
                  | SInv}
 66177 | Vaults:5 | Identified the +4 broad axe of Rytwuagh {drain, rElec
                  | Stlth+}
 66656 | Vaults:5 | Found Voeweqirph's Distillery.
 66664 | Vaults:5 | Identified the +2 buckler of the Snake Pit {Harm rN+}
 66666 | Vaults:5 | Bought a potion of heal wounds for 60 gold pieces
 66816 | Vaults:5 | Reached skill level 24 in Summonings
 66987 | Vaults:5 | Identified the +4 scale mail of Siwk {rN+}
 66992 | Vaults:5 | Got the Octavo of Sinister Spelunking
 67123 | Vaults:5 | Got a silver rune of Zot
 67136 | Vaults:5 | Identified the ring "Ibilla Kies" {rPois rC+}
 67435 | Vaults:5 | Identified the ring "Riufevei" {Wiz rF+ Stlth+}
 68711 | Depths:1 | Reached XP level 24. HP: 256/256 MP: 26/41
 69290 | Depths:1 | Found Nuwyof's Fire Supplies.
 69387 | Depths:1 | Found a gateway to Hell.
 69688 | Depths:1 | Found the +9 sword of Zonguldrok {reap}
 69793 | Depths:2 | Noticed a juggernaut
 69796 | Depths:2 | Reached skill level 15 in Spellcasting
 69800 | Depths:2 | Killed a juggernaut
 69954 | Depths:1 | Learned a level 6 spell: Death Channel
 69982 | Depths:2 | Identified the +3 morningstar of Disembowelment {antimagic,
                  | rPois}
 70084 | Depths:2 | Reached skill level 25 in Summonings
 70197 | Depths:2 | Reached skill level 5 in Dodging
 70391 | Depths:2 | You are sucked into a shaft and drop 1 floor!
 70815 | Depths:3 | Reached XP level 25. HP: 267/267 MP: 21/42
 70979 | Depths:2 | Noticed Sojobo
 70986 | Depths:2 | Killed Sojobo
 71182 | Depths:2 | Found the +2 pair of slick slippers {slick, slippery, EV+4}
 71204 | Depths:2 | Got the Discursus on Combustive Blasts
 71212 | Depths:2 | Identified the +2 whip "Beetle's Death Toll" {freeze, rN+
                  | Will+ MP+9 Int-2}
 71542 | Depths:2 | Found a one-way gate leading to the halls of Pandemonium.
 72157 | Depths:4 | Entered Level 4 of the Depths
 72242 | Depths:4 | Found a transporter.
 72345 | Depths:4 | Reached skill level 10 in Shapeshifting
 72607 | Depths:4 | Identified the +4 dagger "Beetleslayer" {vamp, *Rage rElec
                  | Str+4}
 72641 | Depths:4 | Found a magical portal.
 72662 | WizLab   | Entered Iskenderun's Mystic Tower
 73492 | WizLab   | Got Iskenderun's Teachings on Percussion
 73492 | WizLab   | Got Iskenderun's Quarto of Injury
 73731 | Depths:4 | Found a transporter.
 73738 | Depths:4 | Noticed a juggernaut
 73738 | Depths:4 | Noticed Qiwept's ghost (veteran BaIE)
 73763 | Depths:4 | Found a bloodstained altar of Trog.
 73998 | Depths:4 | Identified the +8 spear "Qusynaut" {freeze, Str+4 Dex+5
                  | Stlth-}
 74074 | Depths:4 | Found a gate to the Realm of Zot.
 74257 | Depths:4 | Found a one-way gateway to a ziggurat.
 74382 | Zot:1    | Entered Level 1 of the Realm of Zot
 74408 | Zot:1    | Reached skill level 15 in Shields
 76163 | Zot:2    | Noticed a Killer Klown
 76251 | Zot:1    | Killed a Killer Klown
 76451 | Zot:2    | Reached XP level 26. HP: 244/262 MP: 20/42
 80203 | Zot:4    | Reached skill level 15 in Shapeshifting
 80643 | Zot:5    | Entered Level 5 of the Realm of Zot
 80776 | Zot:5    | Noticed a Killer Klown
 80793 | Zot:5    | Killed a Killer Klown
 80847 | Zot:5    | Learned a level 5 spell: Borgnjor's Vile Clutch
 80933 | Zot:5    | Reached skill level 1 in Earth Magic
 83597 | Zot:5    | Noticed a dread lich
 83606 | Zot:5    | Killed a dread lich
 83618 | Zot:5    | Reached XP level 27. HP: 291/291 MP: 25/43
 83910 | Zot:5    | Noticed a dread lich
 83924 | Zot:5    | Killed a dread lich
 83933 | Zot:5    | Noticed an orb of fire
 83936 | Zot:5    | Killed an orb of fire
 84028 | Zot:5    | Noticed an orb of fire
 84031 | Zot:5    | Killed an orb of fire
 84249 | Zot:5    | Noticed an ancient lich
 84259 | Zot:5    | Killed an ancient lich
 84396 | Zot:5    | Noticed an orb of fire
 84533 | Zot:5    | Noticed an orb of fire
 84536 | Zot:5    | Gained mutation: Your magical capacity is low. (-10% MP)
                  | [an orb of fire]
 84539 | Zot:5    | Noticed a dread lich
 84541 | Zot:5    | Killed an orb of fire
 84542 | Zot:5    | Killed a dread lich
 84556 | Zot:5    | Noticed a dread lich
 84565 | Zot:5    | Killed a dread lich
 84567 | Zot:5    | Killed an orb of fire
 84658 | Zot:5    | Lost mutation: Your magical capacity is low. (-10% MP)
                  | [potion of mutation]
 84658 | Zot:5    | Gained mutation: You sometimes lose your temper in combat.
                  | [potion of mutation]
 84658 | Zot:5    | Gained mutation: You have a pair of horns on your head.
                  | [potion of mutation]
 84658 | Zot:5    | Gained mutation: You expend magic power (3 MP) to
                  | strengthen your wands. [potion of mutation]
 84658 | Zot:5    | Gained mutation: Your mind is acute. (Int +4, Str/Dex -1)
                  | [potion of mutation]
 84767 | Zot:5    | Got the Orb of Zot
 85220 | D:2      | Noticed Woqa the pandemonium lord
 85238 | D:$      | Escaped with the Orb!

Illustrated notes

Levels and vault maps discovered:
D:1:      psy_arrival_radial02, layout_rooms
D:2:      minmay_inner_zag, layout_rooms, serial_shops, shop,
          minmay_pentomino_z4
D:3:      wander_river, layout_basic, gammafunk_ghost_arena
D:4:      layout_gridville, bloody_trog, serial_shops, shop, serial_demonic,
          serial_demonic_f, serial_demonic_g, serial_demonic_a,
          serial_demonic_b, serial_demonic_e, serial_demonic_g,
          nicolae_shop_sticking_my_neck_out
D:5:      layout_basic, corexii_leaking_fountain, kennysheep_generic_room_10,
          uniq_duvessa
D:6:      layout_basic, nicolae_qazlal_general_emergency, bloody_makhleb,
          minmay_gold_behind_fungi
D:7:      minmay_bubble_buster, layout_basic, mainiacjoe_overflow_alcove_4,
          gammafunk_temple_overflow_wave, temple_fountains,
          nicolae_shop_self_help
D:8:      layout_rooms, nicolae_gozag_seed_capital, serial_corexii_hall,
          corexii_hall_statues_l, corexii_hall_statues_i,
          corexii_hall_statues_x, grunt_decor_junction
D:9:      layout_loops_ring, elyvilon_altar_5, orc_0_dummy, enter_bailey_5
D:10:     layout_basic, nicolae_overflow_crystal_walls, dpeg_lair_monsters,
          serial_co_window_serial, co_window_of_opportunity_a,
          co_window_of_opportunity_a, co_window_paths_a,
          co_window_of_opportunity_a, co_window_corner_a, co_window_corner_ca,
          co_window_broadway_c, co_window_unsneaky_path_d, co_window_4corner_b,
          glass_columns_b, glass_columns_c, glass_columns_a, glass_columns_a,
          glass_columns_c, uniq_harold
D:11:     layout_stronghold
D:12:     layout_roguey, serial_shops, shop, uniq_snorg, uniq_fannar
D:13:     layout_layer_cave, hellmonk_vaults_attempted_burglary,
          small_statue_intersection
D:14:     layout_basic, serial_shops, nicolae_shop_real_fake_doors, shop,
          nicolae_shop_stone, shop, dreamdust_mushroom_princess, special_room
          [special_room_mythical_zoo], nicolae_concentric_dashed_squares_mild,
          uniq_nessos, uniq_roxanne
D:15:     grunt_enter_depths_hoard, layout_cave_pods, serial_shops, shop,
          grunt_decor_mini_mirrors, uniq_agnes
Temple:   nicolae_temple_god_jail
Lair:1:   lemuel_slime, layout_chaotic_city, portal_ice_cave_entry_pillars_1,
          serial_bayou, serial_bayou_crossing, serial_bayou_ford_a,
          serial_bayou_shore_b, serial_bayou_shore_a, serial_bayou_shore_b,
          serial_bayou_shore_b, chequers_serial_rivers_small_3,
          chequers_serial_rivers_room_b
Lair:2:   layout_gridlike, swamp_mist, spider_nest_entry_funnel_web
Lair:3:   layout_long_grid, grunt_megastairs_4
Lair:4:   gammafunk_worm_tunnel, layout_layer_cave, ebering_ghost_funeral_grove,
          minivault_19, eino_house_with_fridge
Lair:5:   hellmonk_lair_end_abyssal_woods, layout_regular_city,
          minmay_slime_entry_pillars
Swamp:1:  cheibrodos_swamp_monstrosity, layout_basic_swamp, serial_swamp_ruin,
          evilmike_swamp_ruin_rubble_1, evilmike_swamp_ruin_house_5,
          evilmike_swamp_ruin_house_3
Swamp:2:  layout_falls_marsh, nicolae_swamp_triple_paths
Swamp:3:  nzn_winding_woodlands_cross [nzn_winding_woodlands_5x15_zeroes,
          nzn_winding_woodlands_5x15_lazy_stream,
          nzn_winding_woodlands_5x15_sidewinder,
          nzn_winding_woodlands_5x15_parted,
          nzn_winding_woodlands_15x15_witchcraft], layout_basic_swamp,
          evilmike_swamp_ruin_house_1, nicolae_swamp_stair_fork, swamp_pool_5,
          nicolae_swamp_super_fun_site, uniq_louise
Swamp:4:  swamp_vile, layout_basic_swamp, gammafunk_ghost_berserking_beasts,
          swamp_pool_1_2, infiniplex_staircase_pool, nicolae_swamp_tree_isthmus
Spider:1: layout_spider_delve
Spider:2: layout_cave_pods, uniq_donald
Spider:3: layout_chambers, uniq_arachne
Spider:4: grunt_spider_rune_parallel
Orc:1:    layout_caves, serial_shops, nicolae_shop_tiny_waterfront, shop_statue,
          nicolae_shop_tiny_statue_garden, nicolae_shop_window_shopping, shop,
          kennysheep_orc_chapel, uniq_josephine, uniq_jorgrun
Orc:2:    grunt_orc_cross, layout_caves, special_room, uniq_saint_roka,
          uniq_maurice
Elf:1:    minmay_the_grid_triangle_9x9_line_8_mashed
          [minmay_the_grid_triangle_9x9_swiss_cheese,
          minmay_the_grid_triangle_9x9_descending_squares,
          minmay_the_grid_triangle_9x9_alien,
          minmay_the_grid_triangle_9x9_empty,
          minmay_the_grid_triangle_9x9_flanged_cone,
          minmay_the_grid_triangle_9x9_sprig,
          minmay_the_grid_triangle_9x9_shrine,
          minmay_the_grid_triangle_9x9_prize_special], layout_gridlike,
          nicolae_elf_shapeshifter_party,
          nicolae_elf_glass_and_crystal_pillar_1, st_stairs_2,
          nicolae_elf_deep_friendship, uniq_aizul
Elf:2:    nicolae_elf_blades_splatter_lattice [infiniplex_blade_entry_pillars],
          layout_onion_city, hex_large, nicolae_elf_big_sculpture_1
Elf:3:    minmay_elf_hall_statues, layout_gridlike, minmay_shoptagon
Vaults:1: hangedman_vaults_stitches, nicolae_vaults_trapezoid_1,
          nicolae_vaults_heist, nicolae_vaults_shrinking_rooms_1,
          nicolae_vaults_storing_the_good_stuff, hangedman_vaults_hat,
          nicolae_vaults_offset_grid_hallway_4, nicolae_vaults_network_square,
          nicolae_vaults_little_squares_4, nicolae_vaults_tetromino_Z_2,
          ontoclasm_vaults_idyll, nicolae_vaults_three_branches,
          layout_vaults_maze
Vaults:2: ontoclasm_vaults_shuriken, minmay_crypt_entry_necro_gods,
          nicolae_vaults_little_squares_3, hangedman_vaults_nails,
          vaults_dpeg_emergency_exit, grunt_vaults_hallway_long, v_misc_2,
          nicolae_vaults_more_shelving_1, hangedman_vaults_stream,
          vaults_mumra_hexcomb, nicolae_vaults_stepped_doors,
          nicolae_vaults_trapezoid_lopsided_1, layout_vaults_omnicross,
          serial_shops, nicolae_shop_rolled_up
Vaults:3: nicolae_vaults_offset_grid_hallway_1, nicolae_vaults_double_plus_1,
          ontoclasm_vaults_chip, hangedman_vaults_unwind,
          dpeg_vaults_monster_row, nicolae_vaults_shelves_hall,
          nicolae_vaults_windows_and_doors_thing, v_misc_29, nooodl_orcs_dogs,
          nicolae_vaults_heart-shaped_vault, ontoclasm_vaults_claustrophobia,
          nicolae_vaults_tetromino_T_1, layout_vaults_omnibox, uniq_margery
Vaults:4: nicolae_vaults_lightning_bolt, nicolae_vaults_asterisk,
          hangedman_vaults_trim, vaults_room_stairs_pillars,
          nicolae_vaults_offset_grid_hallway_1,
          nicolae_vaults_variable_pillar_hall, v_misc_19,
          nicolae_vaults_trapezoid_lopsided_1, ontoclasm_vaults_pinch,
          layout_vaults_omnigrid, uniq_xtahua
Vaults:5: serial_shops
Depths:1: layout_basic, hell_entry, nicolae_shop_fire_sale
          [nicolae_sub_dead_trees], minmay_guarded_unrand_zonguldrok,
          grunt_megastairs_2
Depths:2: minmay_heptahexagon, layout_cave_pools, grunt_hell_entry_dis_grunt,
          rand_demon_pan_entry_9, minmay_misc_feat_nine_boxes,
          chequers_serial_rivers_room_b, uniq_sojobo
Depths:3: evilmike_wizard_prison, layout_cave_pools, grunt_hell_horde,
          rand_demon_pan_entry_4, abyss_entry, serial_bayou_pond_c,
          infiniplex_staircase_split_hallway, serial_bayou_shore_b
Depths:4: evilmike_zot_entry_diamond, layout_cave_shapes, enter_ziggurat_c,
          gammafunk_ghost_wrathful_warriors, pf_coc_iceberg, mu_enter_wizlab_1,
          abyss_entry, pan_entry, chequers_serial_rivers_micro_d
Zot:1:    layout_gridlike, regret_index_zotdec_twisting_globes
Zot:2:    layout_misc_corridors, skrybe_zot_glass_1,
          regret_index_zotdec_silver_v_v_loose
Zot:3:    layout_gridlike, grunt_megastairs_3
Zot:4:    layout_concentric_octagons, regret_index_zotdec_tunneler,
          grunt_ministairs_6
Zot:5:    layout_twisted_circle

Skill      XL: |  1  2  3  4  5  6  7  8  9 10 11 12 13 14 15 16 17 18 19 20 21 22 23 24 25 26 27 |
---------------+----------------------------------------------------------------------------------+-----
Fighting       | 1 2 3 4 5 7 8 10 12 15 15 16 18 20 22 | 22.0
Summonings     | 4 5 6 8 9 10 11 12 13 15 15 16 18 19 21 23 24 25 | 25.0
Spellcasting   | 3 4 5 6 8 9 10 12 11 12 13 14 15 16 17 | 17.0
Translocations | 1 2 2 |  2.0
Fire Magic     | 1 3 4 3 |  3.6
Polearms       | 4 6 7 |  7.2
Hexes          | 5 5 |  5.0
Air Magic      | 3 5 4 |  4.5
Necromancy     | 3 4 3 4 5 7 9 |  9.0
Dodging        | 5 4 5 7 |  7.0
Shields        | 4 8 11 12 13 14 15 | 15.0
Shapeshifting  | 2 4 7 9 11 15 16 | 16.0
Earth Magic    | 3 4 |  4.0
Stealth        | |  1.2

Action                     |  1- 3 |  4- 6 |  7- 9 | 10-12 | 13-15 | 16-18 | 19-21 | 22-24 | 25-27 || total
---------------------------+-------+-------+-------+-------+-------+-------+-------+-------+-------++-------
  Melee: Unarmed           |    11 |       |       |       |       |       |       |       |       ||    11
         Headbutt          |     1 |    14 |    17 |    23 |    53 |    28 |    18 |     7 |     2 ||   163
         Flail             |       |    24 |       |       |       |       |    15 |    37 |    13 ||    89
         War axe           |       |    23 |    15 |       |       |       |       |       |       ||    38
         Halberd           |       |       |   137 |   199 |   184 |       |       |       |       ||   520
         Spear             |       |       |       |       |    27 |   122 |    64 |       |       ||   213
         Punch             |       |       |       |       |     1 |       |       |       |       ||     1
   Fire: Sling             |    61 |    45 |       |       |       |       |       |       |       ||   106
  Throw: Dart              |       |       |       |       |     1 |       |       |       |       ||     1
   Cast: Summon Small Mamm |    31 |     3 |     3 |       |       |       |       |       |       ||    37
         Call Imp          |     1 |    12 |    29 |    21 |    22 |     2 |       |       |       ||    87
         Call Canine Famil |       |    10 |    53 |    21 |    10 |       |       |       |       ||    94
         Summon Blazeheart |       |       |     6 |    33 |    40 |    34 |    10 |       |       ||   123
         Summon Lightning  |       |       |     1 |    48 |   139 |   109 |    38 |     1 |       ||   336
         Summon Mana Viper |       |       |       |    36 |   157 |   181 |   113 |    37 |     8 ||   532
         Martyr's Knell    |       |       |       |    27 |   118 |   145 |    94 |    33 |    15 ||   432
         Summon Cactus Gia |       |       |       |       |    97 |   184 |   127 |    41 |    21 ||   470
         Summon Hydra      |       |       |       |       |       |       |   183 |   171 |    47 ||   401
         Dragon's Call     |       |       |       |       |       |       |       |    22 |    57 ||    79
         Haunt             |       |       |       |       |       |       |       |     3 |     1 ||     4
         Death Channel     |       |       |       |       |       |       |       |     4 |    30 ||    34
         Borgnjor's Vile C |       |       |       |       |       |       |       |       |     4 ||     4
 Invoke: Sacrifice Artific |       |       |       |     1 |       |       |       |       |       ||     1
         Sacrifice Courage |       |       |       |     1 |       |       |       |       |       ||     1
         Sacrifice Essence |       |       |       |       |     1 |       |       |       |       ||     1
         Draw Out Power    |       |       |       |       |     1 |       |       |       |       ||     1
         Power Leap        |       |       |       |       |     1 |       |       |       |       ||     1
         Sacrifice Skill   |       |       |       |       |     1 |       |       |       |       ||     1
         Sacrifice an Eye  |       |       |       |       |     1 |       |       |       |       ||     1
         Apocalypse        |       |       |       |       |       |     4 |     6 |     9 |     7 ||    26
    Use: Scroll            |       |     3 |     4 |     4 |     9 |     8 |     7 |     3 |    16 ||    54
         Potion            |       |       |       |       |     2 |     1 |       |     2 |     3 ||     8
   Stab: Distracted        |       |     1 |     1 |     6 |     7 |     7 |     4 |       |     1 ||    27
         Invisible         |       |       |       |       |     3 |       |       |       |       ||     3
         Betrayed ally     |       |       |       |       |       |     1 |       |       |       ||     1
         Paralysed         |       |       |       |       |       |     5 |     4 |     1 |     2 ||    12
 Armour: Robe              |    33 |    82 |   100 |   100 |   305 |       |    73 |   161 |   207 ||  1061
         Steam dragon scal |       |       |    27 |   176 |       |       |       |       |       ||   203
         Troll leather arm |       |       |       |       |    58 |   129 |       |       |       ||   187
         Swamp dragon scal |       |       |       |       |       |   117 |   124 |       |       ||   241
  Dodge: Dodged            |    27 |    63 |    70 |   126 |   182 |   139 |    95 |    89 |   116 ||   907
  Block: Kite shield       |       |       |       |       |    35 |   255 |   199 |   163 |   119 ||   771
